 Dungeon Crawl Stone Soup version 0.28.0-53-g5a82cb258f (webtiles) character file.

Game seed: 15455576727804634554

81 GigaChad the Ducker (level 4, 0/44 HPs)
             Began as a Troll Fighter on Aug 19, 2022.
             Slain by a gnoll
             ... wielding a +0 spear
              (3 damage)
             ... on level 3 of the Dungeon.
             The game lasted 00:06:15 (2188 turns).

GigaChad the Ducker (Troll Fighter)                 Turns: 2188, Time: 00:06:16

Health: 0/44       AC:  4    Str: 24    XL:     4   Next: 19%
Magic:  3/3        EV:  8    Int:  6    God:
Gold:   166        SH:  7    Dex:  9    Spells: 3/3 levels left

rFire   . . .      SeeInvis .   a - +0 long sword
rCold   . . .      Faith    .   c - +0 kite shield
rNeg    . . .      Spirit   .   b - +0 robe
rPois   .          Reflect  .   (helmet restricted)
rElec   .          Harm     .   (no cloak)
rCorr   .          Rampage  .   (gloves unavailable)
Will    .....                   (boots unavailable)
Stlth   +.........              (no amulet)
HPRegen 0.94/turn               (no ring)
MPRegen 0.08/turn               (no ring)

@: no status effects
A: large, unfitting armour, claws 3, regeneration 1, shaggy fur 1, tough skin 1
a: no special abilities


You were on level 3 of the Dungeon.
You visited 1 branch of the dungeon, and saw 3 of its levels.

You collected 166 gold pieces.

Inventory:

Hand Weapons
 a - a +0 long sword (weapon)
 e - a +0 long sword
Armour
 b - a +0 robe (worn)
 c - a +0 kite shield (worn)
Scrolls
 f - a scroll of fog {unknown}
 i - 2 scrolls of identify {unknown}
 k - a scroll of torment {unknown}
 m - 2 scrolls of enchant armour {unknown}
Potions
 d - 2 potions of might
 g - a potion of invisibility {unknown}
 h - a potion of magic {unknown}
 j - a potion of attraction {unknown}
 l - a potion of haste {unknown}


   Skills:
 + Level 2.8 Fighting
 + Level 2.2 Long Blades
 + Level 3.0 Dodging
 + Level 0.1 Stealth
 + Level 3.0 Shields


You had 3 spell levels left.
You didn't know any spells.
Your spell library was empty.

Dungeon Overview and Level Annotations

Branches:
Dungeon (3/15)

Altars:

Shops:
D:2 *


Innate Abilities, Weirdness & Mutations

You are too large for most types of armour.
You have claws for hands.
Your natural rate of healing is unusually fast.
You are covered in fur. (AC +1)
You have tough skin. (AC +1)


Message History

* * * LOW HITPOINT WARNING * * *
The gnoll closely misses you.
The gnoll hits you from afar with a +0 halberd.
* * * LOW HITPOINT WARNING * * *
The gnoll hits you with a +0 whip.
* * * LOW HITPOINT WARNING * * *
The gnoll hits you from afar with a +0 halberd.
* * * LOW HITPOINT WARNING * * *
The gnoll hits you from afar with a +0 spear.
* * * LOW HITPOINT WARNING * * *
The gnoll barely misses you. You block the gnoll's attack.
The gnoll hits you from afar with a +0 spear.
* * * LOW HITPOINT WARNING * * *
You block the gnoll's attack. The gnoll closely misses you.
A ball python comes into view.
Found a stone staircase leading down.
The gnoll barely misses you.
You barely miss the ball python.
The gnoll hits you from afar with a +0 halberd.
* * * LOW HITPOINT WARNING * * *
The gnoll hits you from afar with a +0 spear.
* * * LOW HITPOINT WARNING * * *
The ball python bites you but does no damage.
You block the gnoll's attack. The gnoll barely misses you.
The ball python bites you.
* * * LOW HITPOINT WARNING * * *
You slash the gnoll!
You kill the gnoll!
The ball python bites you.
* * * LOW HITPOINT WARNING * * *
The gnoll barely misses you.
The gnoll hits you from afar with a +0 spear.
* * * LOW HITPOINT WARNING * * *
You closely miss the ball python. The ball python bites you.
* * * LOW HITPOINT WARNING * * *
You block the gnoll's attack.
The gnoll hits you from afar with a +0 spear.
You die...

#### ######...
###...##.##
#######...#..#.# .
#####...#...####g#.##
...#.....#...######.g...
.....###.........#####..
#>...S@)g...........#..
#.#####.g.......###....
#.........# ##.).
########### #... ##..
#.# #.. #.. #..


You could see 2 gnolls and a ball python.

Vanquished Creatures
  A gnoll (D:3)
  2 adders (D:2)
  3 dart slugs
  A ball python (D:2)
  5 endoplasms
  2 giant cockroaches (D:1)
  A hobgoblin (D:2)
  6 jackals (D:2)
  3 quokkas
  8 bats
  3 frilled lizards
  2 goblins
  5 kobolds
  3 rats
45 creatures vanquished.

Notes
Turn   | Place    | Note
-------+----------+-------------------------------------------
     0 | D:1      | GigaChad the Troll Fighter began the quest for the Orb.
     0 | D:1      | Reached XP level 1. HP: 22/22 MP: 0/0
   358 | D:1      | Reached XP level 2. HP: 29/29 MP: 1/1
   847 | D:2      | Reached XP level 3. HP: 32/36 MP: 2/2
  1104 | D:2      | Found Ucifemmy's General Store.
  1808 | D:2      | Found a faded altar of an unknown god.
  2100 | D:3      | Reached XP level 4. HP: 44/44 MP: 3/3
  2188 | D:3      | Slain by a gnoll

Illustrated notes

Levels and vault maps discovered:
D:1:      psy_arrival_whirlpool, layout_basic
D:2:      minmay_inner_zag, layout_basic, serial_shops, nicolae_shop_stone,
          dilly_ecumenical_altar_fadedgnrine
D:3:      wander_river, layout_basic, minivault_11, uniq_ijyb

Skill      XL: |  1  2  3  4 |
---------------+-------------+-----
Long Blades    | 2 |  2.2
Dodging        | 3 |  3.0
Shields        | 3 |  3.0
Fighting       | |  2.8
Stealth        | |  0.1

Action                   |  1- 3 |  4- 6 || total
-------------------------+-------+-------++-------
Melee: Long sword        |   134 |    14 ||   148
 Stab: Sleeping          |     1 |       ||     1
Armor: Robe              |   118 |     6 ||   124
Dodge: Dodged            |   104 |    12 ||   116
Block: Kite shield       |    96 |    13 ||   109
